 Dungeon Crawl Stone Soup version 0.25.1-2-g60ff931df9 (webtiles) character file.

Game seed: 3512542148030924277

124 DerDa the Chopper (level 5, -1/47 HPs)
             Began as a Hill Orc Monk on Aug 23, 2020.
             Was a Believer of Beogh.
             Slain by Grinder (6 damage)
             ... on level 3 of the Dungeon.
             The game lasted 00:08:12 (2716 turns).

DerDa the Chopper (Hill Orc Monk)                   Turns: 2716, Time: 00:08:12

Health: -1/47      AC: 12    Str: 15    XL:     5   Next: 8%
Magic:  2/5        EV:  4    Int: 10    God:    Beogh [**....]
Gold:   110        SH:  7    Dex: 13    Spells: 4/4 levels left

rFire    . . .     SeeInvis .   a - +0 hand axe
rCold    . . .     Gourm    .   r - +0 kite shield
rNeg     . . .     Faith    .   v - +0 chain mail
rPois    .         Spirit   .   e - +2 helmet
rElec    .         Reflect  .   (no cloak)
rCorr    .         Harm     .   (no gloves)
MR       .....                  q - +0 pair of boots
Stlth    ..........             (no amulet)
HPRegen  0.15/turn              (no ring)
MPRegen  0.09/turn              (no ring)

@: no status effects
A: no striking features
a: Smiting, Renounce Religion


You were on level 3 of the Dungeon.
You worshipped Beogh.
Beogh was pleased with you.
You were very hungry.

You visited 1 branch of the dungeon, and saw 3 of its levels.

You collected 110 gold pieces.

Inventory:

Hand Weapons
 a - a +0 hand axe (weapon)
Missiles
 f - 7 poisoned darts
 k - 82 stones (quivered)
 n - 42 sling bullets
 s - 6 silver javelins
Armour
 b - a +0 robe
 e - a +2 helmet (worn)
 h - a +0 ring mail
 l - a +0 hat
 q - a +0 pair of boots (worn)
 r - a +0 kite shield (worn)
 v - a +0 chain mail (worn)
Scrolls
 d - 3 scrolls of enchant weapon {unknown}
 g - 5 scrolls of identify {unknown}
 i - 2 scrolls of remove curse {unknown}
 m - a scroll of blinking {unknown}
 o - a scroll of teleportation {unknown}
 p - a scroll of amnesia {unknown}
Potions
 j - a potion of berserk rage {unknown}
 u - a potion of might {unknown}
Comestibles
 c - 6 rations


   Skills:
 * Level 4.6 Fighting
 * Level 5.0 Axes
 + Level 2.1 Armour
 + Level 3.0 Dodging
 - Level 1.5 Stealth
 + Level 0.7 Shields


You had 4 spell levels left.
You didn't know any spells.
Your spell library was empty.

Dungeon Overview and Level Annotations

Branches:
Dungeon (3/15)

Altars:
Xom

Annotations:
D:2 Sigmund
D:3 Grinder


Message History

Grinder is almost dead.
Grinder gestures at you. Pain shoots through your body!
* * * LOW HITPOINT WARNING * * *
Okay, then.
You hit Grinder.
Grinder is almost dead.
You block Grinder's attack.
You hit Grinder but do no damage.
Grinder is almost dead.
Grinder hits you but does no damage. You block Grinder's attack.
You hit Grinder.
Grinder is almost dead.
Grinder hits you but does no damage.
You closely miss Grinder.
Grinder is almost dead.
Grinder hits you.
* * * LOW HITPOINT WARNING * * *
You writhe in agony.
You die...

#...........#.###.....
#...........#..##.....
##....................
#...........#....)....
####...........###.......
#.........÷..........#.##
#...............#####...
#..........#....#####.
##.>.@........#...####
##..5...###.####.....
##..##.....# ##≈≈≈≈
#..#####...#####≈### #.##
#......##≈≈≈≈ #..#
###.#####≈≈#≈ ...## #.#
#≈≈#≈ ..### #.# ##≈≈#≈
... #.# #.≈≈≈≈


You could see Grinder.

Vanquished Creatures
  Robin (D:3)
  A gnoll (D:1)
  2 adders
  A worm (D:2)
  A dart slug (D:3)
  4 leopard geckos
  2 orcs (D:3)
  A ball python (D:1)
  3 giant cockroaches
  15 goblins
  11 hobgoblins
  5 jackals
  4 kobolds
  2 quokkas
  5 bats
  3 frilled lizards
  9 rats
70 creatures vanquished.

Vanquished Creatures (others)
  An orc priest (D:3)
  An ooze (D:3)
  2 orcs (D:3)
  A kobold (D:3)
5 creatures vanquished.

Grand Total: 75 creatures vanquished

Notes
Turn   | Place    | Note
-------+----------+-------------------------------------------
     0 | D:1      | DerDa the Hill Orc Monk began the quest for the Orb.
     0 | D:1      | Reached XP level 1. HP: 19/19 MP: 1/1
   157 | D:1      | Reached XP level 2. HP: 23/27 MP: 2/2
   290 | D:1      | Reached skill level 1 in Armour
   559 | D:1      | Reached XP level 3. HP: 3/33 MP: 3/3
  1290 | D:2      | Noticed Sigmund
  1386 | D:2      | Found a shimmering altar of Xom.
  1715 | D:2      | Reached XP level 4. HP: 28/41 MP: 4/4
  2102 | D:3      | Became a worshipper of Beogh the Brigand
  2102 | D:3      | Reached * piety under Beogh
  2102 | D:3      | Reached ** piety under Beogh
  2185 | D:3      | Noticed Robin
  2217 | D:3      | Killed Robin
  2346 | D:3      | Reached skill level 5 in Axes
  2450 | D:3      | Reached XP level 5. HP: 44/47 MP: 5/5
  2664 | D:3      | Noticed Grinder
  2679 | D:3      | Paralysed by Grinder for 7 turns
  2707 | D:3      | Paralysed by Grinder for 4 turns
  2716 | D:3      | Slain by Grinder

Illustrated notes

Levels and vault maps discovered:
D:1:      minmay_arrival_three_doors, layout_loops_cross
D:2:      layout_basic, xom_teletrap_fun, uniq_sigmund
D:3:      layout_rooms, grunt_decor_fettered, minmay_crystal_water, uniq_robin,
          uniq_grinder

Skill      XL: |  1  2  3  4 |
---------------+-------------+-----
Armour         | 1 2 |  2.1
Fighting       | 4 |  4.6
Dodging        | 3 |  3.0
Axes           | 5 |  5.0
Stealth        | |  1.5
Shields        | |  0.7

Action                   |  1- 3 |  4- 6 || total
-------------------------+-------+-------++-------
Melee: Hand axe          |   167 |   140 ||   307
Throw: Stone             |       |     2 ||     2
Invok: Convert to Beogh  |       |     1 ||     1
       Smiting           |       |     1 ||     1
  Use: Potion            |       |     1 ||     1
 Stab: Sleeping          |     2 |       ||     2
  Eat: Chunk             |     3 |     2 ||     5
Armor: Ring mail         |    64 |    49 ||   113
       Robe              |     4 |       ||     4
       Chain mail        |       |    15 ||    15
Dodge: Dodged            |   117 |    54 ||   171
Block: Kite shield       |       |    58 ||    58
